 Dungeon Crawl Stone Soup version 0.17-a0-1793-gcbb3aa1 (webtiles) character file.

53 shakdrar the Grasshopper (level 3, 0/29 (30) HPs)
             Began as a Ghoul Warper on Sept 9, 2015.
             Slain by an orc
             ... wielding a +0 trident
              (6 damage)
             ... on level 3 of the Dungeon.
             The game lasted 00:09:03 (1876 turns).

shakdrar the Grasshopper (Ghoul Warper)             Turns: 1876, Time: 00:09:03

HP:   0/29 (30)     AC:  4    Str: 14      XL:     3   Next: 89%
MP:   5/5           EV: 11    Int:  8      God:
Gold: 108           SH:  0    Dex:  7 (9)  Spells: 2 memorised, 3 levels left

rFire  . . .     SeeInvis .       - Unarmed
rCold  + . .     Clarity  +     a - +0 leather armour
rNeg   + + +     SustAt   .     (no shield)
rPois  ∞         Gourm    .     (no helmet)
rElec  .         Spirit   .     g - +0 cloak
rCorr  .         Warding  .     (no gloves)
rMut   .         Stasis   .     (no boots)
MR     .....                    f - amulet of clarity
Stlth  +.........               (no ring)
                                (no ring)

@: rotting, not resistant to hostile enchantments, very unstealthy
A: rotting body, claws 1, carnivore 3, cold resistance 1, negative energy
resistance 3, slow healing 1, torment resistance, unbreathing
a: no special abilities


You were on level 3 of the Dungeon.
You were not hungry.

You visited 1 branch of the dungeon, and saw 3 of its levels.

You collected 108 gold pieces.

Inventory:

Missiles
 d - 5 tomahawks of dispersal (quivered)
Armour
 a - a +0 leather armour (worn)
 g - a +0 cloak (worn)
 h - a +1 ring mail of poison resistance
Jewellery
 f - an amulet of clarity (around neck)
Scrolls
 c - 2 scrolls of blinking
 j - a scroll of remove curse
Books
 b - a book of Spatial Translocations

   Spells                             Type                      Level
   a - Apportation                    Translocation                1
   b - Blink                          Translocation                2
   c - Shroud of Golubria             Charms/Translocation         2
   d - Portal Projectile              Translocation                3
   e - Teleport Other                 Translocation                3
   f - Passage of Golubria            Translocation                4
Comestibles
 e - a meat ration
 i - a chunk of flesh


   Skills:
 + Level 2.5 Fighting
 + Level 1.4 Throwing
 + Level 1.3 Armour
 - Level 2.0 Dodging
 + Level 2.8 Unarmed Combat
 + Level 2.0 Spellcasting
 - Level 3.0 Translocations


You had 3 spell levels left.
You knew the following spells:

 Your Spells              Type           Power        Failure   Level  Hunger
a - Apportation           Tloc           #.........   14%         1    ##.....
b - Blink                 Tloc           N/A          21%         2    ###....


Dungeon Overview and Level Annotations

Branches:
Dungeon (3/15)

Altars:
Sif Muna
Yredelemnul

Annotations:
D:3 Crazy Yiuf


Innate Abilities, Weirdness & Mutations

Your body is rotting away.
You thrive on raw meat.
You are immune to poison.
You have sharp fingernails.
You are carnivorous and can eat meat at any time.
Your flesh is cold resistant.
You are immune to negative energy.
You heal slowly when monsters are visible.
You are immune to unholy pain and torment.
You can survive without breathing.


Message History

The goblin is severely wounded.
The goblin closely misses you. The orc closely misses you.
You scratch the goblin.
You kill the goblin!
The orc hits you from afar with a trident!
You scratch the orc.
The orc is lightly wounded.
The orc hits you but does no damage.
You scratch the orc but do no damage.
The orc is lightly wounded.
The orc hits you with a trident.
You closely miss the orc. The orc hits you with a trident!
* * * LOW HITPOINT WARNING * * *
You closely miss the orc. The orc completely misses you.
You scratch the orc.
The orc is moderately wounded.
You scratch the orc.
The orc is almost dead.
The orc hits you with a trident.
You die...

##..#
.#..###
#....(#
#.....
#.... ...
#.# #.# #@#
##o##
##.).##
##.....##
##...(...##
#....(....#
+...).....+
#...†.....#
##......!##


You could see an orc.

Vanquished Creatures
  An adder (D:2)
  A giant gecko (D:2)
  An orc (D:3)
  6 bats
  11 goblins
  7 hobgoblins
  A giant newt (D:2)
  2 jackals (D:1)
  6 kobolds
  5 rats
41 creatures vanquished.

Notes
Turn   | Place    | Note
--------------------------------------------------------------
     0 | D:1      | shakdrar the Ghoul Warper began the quest for the Orb.
     0 | D:1      | Reached XP level 1. HP: 17/17 MP: 2/2
   115 | D:1      | Reached skill level 1 in Armour
   588 | D:1      | Reached skill level 1 in Throwing
   588 | D:1      | Reached XP level 2. HP: 25/25 MP: 3/3
  1156 | D:2      | Reached XP level 3. HP: 30/30 MP: 4/4
  1191 | D:2      | Reached skill level 3 in Translocations
  1317 | D:2      | Learned a level 2 spell: Blink
  1462 | D:2      | Found a basalt altar of Yredelemnul.
  1555 | D:2      | Found a deep blue altar of Sif Muna.
  1763 | D:3      | Noticed Crazy Yiuf
  1876 | D:3      | Slain by an orc

Vault maps used:
D:1:      tarquinn_simple_flora_water_c, minmay_misc_feat_columns
D:2:      nicolae_overflow_hidden_temple
D:3:      uniq_robin, uniq_crazy_yiuf_cottage

Action                   || total
-------------------------++-------
Melee: Unarmed           ||   163
  Use: Scroll            ||     6
       Potion            ||     5
  Eat: Chunk             ||    18
